 Dungeon Crawl Stone Soup version 0.27-a0-1185-ga233589e6f (webtiles) character file.

Game seed: 14180660042672485682

534 Froggeryz the Chopper (level 7, -3/61 HPs)
             Began as a Deep Dwarf Fighter on May 19, 2021.
             Slain by Pikel
             ... wielding a +1 whip of electrocution
              (14 damage)
             ... on level 4 of the Dungeon.
             The game lasted 00:03:22 (2663 turns).

Froggeryz the Chopper (Deep Dwarf Fighter)          Turns: 2663, Time: 00:03:22

Health: -3/61      AC:  6    Str: 21    XL:     7   Next: 4%
Magic:  4/4        EV:  7    Int:  9    God:
Gold:   230        SH: 10    Dex: 12    Spells: 6/6 levels left

rFire    . . .     SeeInvis .   a - +0 war axe
rCold    . . .     Faith    .   c - +0 kite shield
rNeg     . . .     Spirit   .   b - +0 scale mail
rPois    .         Reflect  .   (no helmet)
rElec    .         Harm     .   (no cloak)
rCorr    +         Rampage  .   (no gloves)
Will     +....                  (no boots)
Stlth    ..........             (no amulet)
HPRegen  0.00/turn              k - ring of resist corrosion
MPRegen  0.09/turn              (no ring)

@: mighty
A: damage resistance, heal wounds, sense surroundings 1, no regeneration
a: Heal Wounds


You were on level 4 of the Dungeon.
You visited 1 branch of the dungeon, and saw 4 of its levels.
You also visited: Sewer.

You collected 230 gold pieces.

Inventory:

Hand Weapons
 a - a +0 war axe (weapon)
Missiles
 i - 12 boomerangs
Armour
 b - a +0 scale mail (worn)
 c - a +0 kite shield (worn)
Jewellery
 k - a ring of resist corrosion (left hand)
 m - a ring of wizardry
Scrolls
 e - 7 scrolls of identify {unknown}
 f - 2 scrolls of noise {unknown}
 g - a scroll of enchant weapon {unknown}
 l - a scroll of teleportation {unknown}
 n - a scroll of amnesia {unknown}
 p - 2 scrolls of fear {unknown}
 r - 2 scrolls of vulnerability {unknown}
 s - a scroll of blinking {unknown}
Potions
 d - 3 potions of might
 h - a potion of haste {unknown}
 j - 2 potions of ambrosia {unknown}
 o - 2 potions of flight {unknown}
 q - 2 potions of magic {unknown}
 t - a potion of brilliance {unknown}


   Skills:
 - Level 2.6 Fighting
 * Level 7.0 Axes
 - Level 3.2 Armour
 + Level 5.7 Shields


You had 6 spell levels left.
You didn't know any spells.
Your spell library was empty.

Dungeon Overview and Level Annotations

Branches:
Dungeon (4/15)              Sewer (visited)
 Temple: D:4-7

Altars:

Annotations:
D:4 3 runed translucent doors, Pikel; kuniqs's ghost, novice DsCj


Innate Abilities, Weirdness & Mutations

You are resistant to damage.
You can heal yourself by infusing magical energy.
You passively map a small area around you.
You do not regenerate.


Message History

You feel very mighty all of a sudden.
You barely miss the ogre. You block the ogre's attack.
You slash the ogre!
The ogre is severely wounded.
The ogre hits you with a +0 giant club!
The ogre hits you with a +0 giant club!!
You slash the ogre!
You kill the ogre!
Your Axes skill increases to level 7!
You have reached level 7!
Your magical essence is drained by the effort!
You feel much better.
Pikel hits you with a +1 whip of electrocution.
You are electrocuted!
You slash Pikel!
Pikel is moderately wounded.
You block Pikel's attack.
You hit Pikel but do no damage.
Pikel is moderately wounded.
You block Pikel's attack. x2
You slice Pikel!!
Pikel is severely wounded.
You block Pikel's attack.
You hit Pikel.
Pikel is severely wounded.
You block Pikel's attack.
You hit Pikel.
Pikel is almost dead.
Pikel hits you but does no damage.
You are electrocuted!
* * * LOW HITPOINT WARNING * * *
Pikel barely misses you.
You closely miss Pikel.
Pikel is almost dead.
You block Pikel's attack.
You closely miss Pikel.
Pikel is almost dead.
Pikel hits you with a +1 whip of electrocution.
* * * LOW HITPOINT WARNING * * *
You are electrocuted!
You die...

# ,#.# #.# .## #.# #.# ..# ###
,#.# #.# ..###.#* #.########.#
......# #..........#
..###.#*,############ * #...#.#
,,, , , , ,
#.#.#.#########################
................@K55r55........
#<..#.#####.#############5.....
#...#.# #.# ,.[... #...#.# #.#
, #... ##..#.# #.# , .. ....#.#
#.# , , , ., ###.#.# #.# ,
......# #.# * .###.## #.#


You could see Pikel, 4 lemures and a quokka.

Vanquished Creatures
  A sky beast (D:4)
  Purgy (Sewer)
  An ogre (D:4)
  2 hounds
  An orc priest (D:3)
  An iguana (D:3)
  3 gnolls (D:4)
  3 adders
  4 dart slugs
  5 orcs (D:3)
  10 ball pythons
  3 endoplasms
  4 giant cockroaches
  5 goblins
  4 hobgoblins
  4 jackals (D:1)
  6 kobolds
  4 quokkas
  2 bats (D:1)
  8 frilled lizards
  9 rats
81 creatures vanquished.

Notes
Turn   | Place    | Note
-------+----------+-------------------------------------------
     0 | D:1      | Froggeryz the Deep Dwarf Fighter began the quest for the
                  | Orb.
     0 | D:1      | Reached XP level 1. HP: 20/20 MP: 1/1
    62 | D:1      | Reached XP level 2. HP: 20/27 MP: 2/2
   117 | D:1      | Reached skill level 3 in Axes
   747 | D:2      | Found a faded altar of an unknown god.
   765 | D:2      | Reached XP level 3. HP: 29/33 MP: 3/3
  1492 | D:3      | Reached skill level 4 in Axes
  1492 | D:3      | Reached XP level 4. HP: 34/40 MP: 4/4
  1626 | D:3      | Reached XP level 5. HP: 26/46 MP: 5/5
  1806 | D:3      | Reached skill level 5 in Axes
  1988 | D:4      | Found a glowing drain.
  2008 | Sewer    | Entered a sewer
  2033 | Sewer    | Noticed Purgy
  2044 | Sewer    | Killed Purgy
  2045 | Sewer    | Reached skill level 5 in Shields
  2045 | Sewer    | Reached XP level 6. HP: 30/55 MP: 5/5
  2187 | D:4      | Reached skill level 6 in Axes
  2337 | D:4      | Found a runed translucent gate.
  2338 | D:4      | Found a runed translucent gate.
  2338 | D:4      | Found a runed translucent gate.
  2345 | D:4      | Noticed kuniqs's ghost (novice DsCj)
  2593 | D:4      | Noticed a sky beast
  2606 | D:4      | Killed a sky beast
  2642 | D:4      | Noticed Pikel
  2656 | D:4      | Reached skill level 7 in Axes
  2656 | D:4      | Reached XP level 7. HP: 21/61 MP: 5/5
  2663 | D:4      | Slain by Pikel

Illustrated notes

Levels and vault maps discovered:
D:1:      lemuel_arrival_tunnels, layout_loops_ring, minmay_misc_feat_diagonals
D:2:      layout_loops_cross, serial_aquarium, aquarium_bridge_square
          [aquarium_subvault_window, aquarium_subvault_window,
          aquarium_subvault_bridge, aquarium_subvault_bridge],
          aquarium_bridge_straight [aquarium_subvault_bridge,
          aquarium_subvault_balcony, aquarium_subvault_bridge,
          aquarium_subvault_wall], aquarium_window_fake, aquarium_window_1,
          aquarium_window_fake, aquarium_view_2b, aquarium_pool_2,
          chequers_ecumenical_altar_island, kennysheep_generic_room_3
D:3:      layout_basic
D:4:      layout_basic, elyvilon_altar_1, minmay_temple_entry_mist,
          portal_sewer_entry_a, gammafunk_ghost_necromancy, uniq_pikel

Skill      XL: |  1  2  3  4  5  6 |
---------------+-------------------+-----
Axes           | 3 4 5 7 |  7.0
Shields        | 4 5 |  5.7
Fighting       | |  2.6
Armour         | |  3.2

Action                   |  1- 3 |  4- 6 |  7- 9 || total
-------------------------+-------+-------+-------++-------
Melee: War axe           |    83 |   121 |     7 ||   211
 Abil: Heal Wounds       |     1 |     4 |     1 ||     6
  Use: Potion            |       |     2 |       ||     2
Armor: Scale mail        |    32 |    64 |     1 ||    97
Dodge: Dodged            |    23 |    42 |     1 ||    66
Block: Kite shield       |    30 |    86 |     6 ||   122

Table legend: (Time is in decaauts)
 A = Elapsed time spent in this place.
 B = Non-inter-level travel time spent in this place.
 C = Inter-level travel time spent in this place.
 D = Time resting spent in this place.
 E = Time spent auto-exploring this place.
 F = Levels seen in this place.
 G = Mean time per level.
                   A        B        C        D        E       F      G
               +--------+--------+--------+--------+--------+-----+--------+
         Total |   2809 |   2764 |     45 |      0 |   2121 |   5 |  561.8 |
       Dungeon |   2588 |   2543 |     45 |      0 |   2039 |   4 |  647.0 |
         Sewer |    220 |    220 |      0 |      0 |     82 |   1 |  220.0 |
               +--------+--------+--------+--------+--------+-----+--------+

Top non-repeatable levels by time:
     D:2: 789 daAuts
     D:1: 746 daAuts
     D:3: 528 daAuts
     D:4: 524 daAuts
   Sewer: 220 daAuts
